 Dungeon Crawl Stone Soup version 0.22.1-1-ga44c0e5 (webtiles) character file.

106 Harpaggios the Insei (level 4, -2/34 HPs)
             Began as a Gnoll Transmuter on Oct 17, 2018.
             Slain by a water moccasin skeleton (5 damage)
             ... on level 2 of the Dungeon.
             The game lasted 00:10:12 (1942 turns).

Harpaggios the Insei (Gnoll Transmuter)             Turns: 1942, Time: 00:10:13

Health: -2/34      AC:  3    Str: 12    XL:     4   Next: 84%
Magic:  2/11       EV: 15    Int: 17    God:
Gold:   95         SH:  0    Dex: 15    Spells: 10/13 levels left

rFire    . . .     SeeInvis .     - Unarmed
rCold    . . .     Gourm    .   (no shield)
rNeg     . . .     Faith    .   b - +1 robe
rPois    .         Spirit   .   (no helmet)
rElec    .         Reflect  .   (no cloak)
rCorr    .         Harm     .   (no gloves)
MR       .....                  (boots currently unavailable)
Stlth    ++........             (no amulet)
HPRegen  0.11/turn              (no ring)
MPRegen  0.12/turn              (no ring)

@: appendage (expiring), very slightly contaminated
A: distributed training, fangs 1, talons 3, strong nose
a: End Transformation


You were on level 2 of the Dungeon.
You were not hungry.
You had grown temporary talons.
You visited 1 branch of the dungeon, and saw 2 of its levels.

You collected 95 gold pieces.

Inventory:

Missiles
 a - 58 arrows
Armour
 b - a +1 robe (worn)
Scrolls
 c - 2 scrolls of identify
 f - 2 scrolls of remove curse
 g - a scroll of magic mapping
 i - a scroll of fog
Potions
 e - a potion of berserk rage
 h - 2 potions of might
Comestibles
 d - 6 rations


   Skills:
 + Level 2.8 Fighting
 + Level 1.2 Short Blades
 + Level 1.2 Long Blades
 + Level 1.2 Axes
 + Level 1.2 Maces & Flails
 + Level 1.2 Polearms
 + Level 1.2 Staves
 + Level 1.2 Slings
 + Level 1.2 Bows
 + Level 1.2 Crossbows
 + Level 1.2 Throwing
 + Level 1.2 Armour
 + Level 4.7 Dodging
 + Level 1.2 Stealth
 + Level 1.2 Shields
 + Level 6.6 Unarmed Combat
 + Level 5.1 Spellcasting
 + Level 1.0 Conjurations
 + Level 1.0 Hexes
 + Level 1.0 Charms
 + Level 1.0 Summonings
 + Level 1.0 Necromancy
 + Level 1.0 Translocations
 + Level 3.9 Transmutations
 + Level 1.0 Fire Magic
 + Level 1.0 Ice Magic
 + Level 1.0 Air Magic
 + Level 1.0 Earth Magic
 + Level 1.0 Poison Magic
 + Level 1.3 Invocations
 + Level 1.2 Evocations


You had 10 spell levels left.
You knew the following spells:

 Your Spells              Type           Power        Failure   Level  Hunger
a - Beastly Appendage     Tmut           ###...       2%          1    None
b - Sticks to Snakes      Tmut           ###.....     4%          2    #......

Your spell library contained the following spells:

 Spells                   Type           Power        Failure   Level  Hunger
 Animate Skeleton         Necr           N/A          10%         1    None
 Spider Form              Tmut/Pois      ##........   16%         3    ###....
 Ice Form                 Ice/Tmut       ##......     45%         4    ####...
 Blade Hands              Tmut           ###.......   61%         5    ######.


Dungeon Overview and Level Annotations

Branches:
Dungeon (2/15)

Altars:
Ashenzari
Dithmenos
Elyvilon
Gozag
Kikubaaqudgha
Okawaru
Ru
Sif Muna
Uskayaw
Vehumet
Xom
The Shining One


Innate Abilities, Weirdness & Mutations

Your experience applies equally to all skills.
You have very sharp teeth.
Your uncanny sense of smell can sniff out nearby items.
You have claws for feet.


Message History

You closely miss the orc wizard. Your kick misses the orc wizard.
The orc wizard is lightly wounded.
The orc wizard hits you with a dagger.
The orc wizard gestures wildly while chanting.
The orc wizard flickers and vanishes!
Deactivating autopickup; reactivate with Ctrl-A.
The orc wizard misses you.
You barely miss the orc wizard.
The orc wizard is lightly wounded.
The orc wizard misses you. The water moccasin skeleton bites you!
You punch the orc wizard!
You claw the orc wizard, but do no damage.
The orc wizard is heavily wounded.
The orc wizard hits you with a dagger. The water moccasin skeleton bites you!
* * * LOW HITPOINT WARNING * * *
You barely miss the orc wizard.
The orc wizard is heavily wounded.
The orc wizard hits you but does no damage.
The water moccasin skeleton bites you.
You die... # o.o..# .....# ∆ ..o<.## ......# ..>.oo###### #{oKgZ@S#

## #.#####o#####
########. #.###
#.....###........
#...####.....##.#######
###......≈.≈.##.#
#####...⌠≈.#..#
##..≈≈...##
#........#######
##..##.#......).


You could see an orc priest, an orc wizard, 2 orcs, a hobgoblin, a kobold, a
water moccasin skeleton and a friendly ball python.

Vanquished Creatures
  5 adders (D:2)
  A worm (D:2)
  3 leopard geckos
  2 giant cockroaches (D:1)
  8 goblins
  8 hobgoblins (D:1)
  10 kobolds
  A ball python (D:2)
  5 bats
  5 frilled lizards
  7 rats
55 creatures vanquished.

Notes
Turn   | Place    | Note
-------+----------+-------------------------------------------
     0 | D:1      | Harpaggios the Gnoll Transmuter began the quest for the
                  | Orb.
     0 | D:1      | Reached XP level 1. HP: 17/17 MP: 6/6
   310 | D:1      | Reached XP level 2. HP: 23/23 MP: 7/7
   314 | D:1      | Learned a level 2 spell: Sticks to Snakes
   604 | D:1      | Reached XP level 3. HP: 28/28 MP: 9/9
   646 | D:1      | Reached skill level 5 in Spellcasting
  1022 | D:1      | Reached skill level 1 in Invocations
  1077 | D:2      | Found a glowing golden altar of the Shining One.
  1078 | D:2      | Found an opulent altar of Gozag.
  1079 | D:2      | Found a sacrificial altar of Ru.
  1111 | D:2      | Reached skill level 1 in Short Blades
  1111 | D:2      | Reached skill level 1 in Long Blades
  1111 | D:2      | Reached skill level 1 in Axes
  1111 | D:2      | Reached skill level 1 in Maces & Flails
  1111 | D:2      | Reached skill level 1 in Polearms
  1111 | D:2      | Reached skill level 1 in Staves
  1111 | D:2      | Reached skill level 1 in Slings
  1111 | D:2      | Reached skill level 1 in Bows
  1111 | D:2      | Reached skill level 1 in Crossbows
  1111 | D:2      | Reached skill level 1 in Throwing
  1111 | D:2      | Reached skill level 1 in Armour
  1111 | D:2      | Reached skill level 1 in Stealth
  1111 | D:2      | Reached skill level 1 in Shields
  1111 | D:2      | Reached skill level 1 in Evocations
  1154 | D:2      | Reached XP level 4. HP: 19/34 MP: 11/11
  1404 | D:2      | Found a hide-covered altar of Uskayaw.
  1405 | D:2      | Found a shimmering altar of Xom.
  1405 | D:2      | Found a shattered altar of Ashenzari.
  1405 | D:2      | Found a white marble altar of Elyvilon.
  1405 | D:2      | Found an iron altar of Okawaru.
  1641 | D:2      | Found a shadowy altar of Dithmenos.
  1671 | D:2      | Reached skill level 1 in Conjurations
  1671 | D:2      | Reached skill level 1 in Hexes
  1671 | D:2      | Reached skill level 1 in Charms
  1671 | D:2      | Reached skill level 1 in Summonings
  1671 | D:2      | Reached skill level 1 in Necromancy
  1671 | D:2      | Reached skill level 1 in Translocations
  1671 | D:2      | Reached skill level 1 in Fire Magic
  1671 | D:2      | Reached skill level 1 in Ice Magic
  1671 | D:2      | Reached skill level 1 in Air Magic
  1671 | D:2      | Reached skill level 1 in Earth Magic
  1671 | D:2      | Reached skill level 1 in Poison Magic
  1682 | D:2      | Found an ancient bone altar of Kikubaaqudgha.
  1684 | D:2      | Found a deep blue altar of Sif Muna.
  1838 | D:2      | Found a radiant altar of Vehumet.
  1840 | D:2      | Identified Kikubaaqudgha's Collected Works on Sinister
                  | Rites
  1942 | D:2      | Slain by a water moccasin skeleton

Skill      XL: |  1  2  3  4 |
---------------+-------------+-----
Spellcasting   | 5 |  5.1
Invocations    | 1 |  1.3
Short Blades   | 1 |  1.2
Long Blades    | 1 |  1.2
Axes           | 1 |  1.2
Maces & Flails | 1 |  1.2
Polearms       | 1 |  1.2
Staves         | 1 |  1.2
Slings         | 1 |  1.2
Bows           | 1 |  1.2
Crossbows      | 1 |  1.2
Throwing       | 1 |  1.2
Armour         | 1 |  1.2
Stealth        | 1 |  1.2
Shields        | 1 |  1.2
Evocations     | 1 |  1.2
Conjurations   | 1 |  1.0
Hexes          | 1 |  1.0
Charms         | 1 |  1.0
Summonings     | 1 |  1.0
Necromancy     | 1 |  1.0
Translocations | 1 |  1.0
Fire Magic     | 1 |  1.0
Ice Magic      | 1 |  1.0
Air Magic      | 1 |  1.0
Earth Magic    | 1 |  1.0
Poison Magic   | 1 |  1.0
Fighting       | |  2.8
Dodging        | |  4.7
Unarmed Combat | |  6.6
Transmutations | |  3.9

Action                   |  1- 3 |  4- 6 || total
-------------------------+-------+-------++-------
Melee: Unarmed           |   125 |    41 ||   166
       Bite              |    14 |     2 ||    16
       Punch             |     3 |     3 ||     6
       Kick              |       |     2 ||     2
 Cast: Sticks to Snakes  |       |     4 ||     4
       Beastly Appendage |       |     2 ||     2
  Use: Scroll            |     5 |     2 ||     7
       Potion            |     2 |       ||     2
 Stab: Sleeping          |     3 |       ||     3
  Eat: Chunk             |     1 |     2 ||     3
Armor: Robe              |    28 |     6 ||    34
Dodge: Dodged            |    99 |    17 ||   116
